 Dungeon Crawl Stone Soup version 0.26-b1-32-g5d43845318 (webtiles) character file.

Game seed: 3886642948525767943

90 Borgoz the Ducker (level 4, -1/38 HPs)
             Began as a Ghoul Gladiator on Jan 13, 2021.
             Slain by a gnoll
             ... wielding a +0 spear
              (2 damage)
             ... on level 2 of the Dungeon.
             The game lasted 00:01:43 (1736 turns).

Borgoz the Ducker (Ghoul Gladiator)                 Turns: 1736, Time: 00:01:44

Health: -1/38      AC:  4    Str: 17    XL:     4   Next: 56%
Magic:  3/3        EV: 12    Int:  3    God:
Gold:   62         SH:  0    Dex: 11    Spells: 3/3 levels left

rFire    . . .     SeeInvis .   a - +0 flail
rCold    + . .     Faith    .   (no shield)
rNeg     + + +     Spirit   .   b - +0 leather armour
rPois    ∞         Reflect  .   c - +0 helmet
rElec    .         Harm     .   (no cloak)
rCorr    +         Rampage  .   (no gloves)
Will     .....                  (no boots)
Stlth    +.........             (no amulet)
HPRegen  0.00/turn              j - ring of resist corrosion
MPRegen  0.08/turn              (no ring)

@: no status effects
A: claws 1, cold resistance 1, negative energy resistance 3, inhibited
regeneration, torment resistance, unbreathing
a: no special abilities


You were on level 2 of the Dungeon.
You visited 1 branch of the dungeon, and saw 2 of its levels.

You collected 62 gold pieces.

Inventory:

Hand Weapons
 a - a +0 flail (weapon)
Missiles
 d - a throwing net (quivered)
Armour
 b - a +0 leather armour (worn)
 c - a +0 helmet (worn)
Jewellery
 j - a ring of resist corrosion (left claw)
Scrolls
 e - a scroll of blinking {unknown}
 g - 2 scrolls of identify
 h - a scroll of remove curse
 i - a scroll of noise {unknown}
Potions
 f - a potion of might


   Skills:
 * Level 3.1 Fighting
 * Level 3.2 Maces & Flails
 - Level 1.7 Throwing
 * Level 1.6 Armour
 * Level 3.3 Dodging


You had 3 spell levels left.
You didn't know any spells.
Your spell library was empty.

Dungeon Overview and Level Annotations

Branches:
Dungeon (2/15)

Altars:


Innate Abilities, Weirdness & Mutations

You thrive by killing the living.
You are immune to poison.
You have sharp fingernails.
Your flesh is cold resistant. (rC+)
You are immune to negative energy. (rN+++)
You do not regenerate when monsters are visible.
You are immune to unholy pain and torment.
You can survive without breathing.


Message History

You barely miss the gnoll.
The gnoll is moderately wounded.
The gnoll struggles against the net.
The net rips apart, and the gnoll comes free!
You hit the gnoll.
The gnoll is severely wounded.
The gnoll hits you with a +0 spear.
You barely miss the gnoll.
The gnoll is severely wounded.
The gnoll barely misses you.
You barely miss the gnoll.
The gnoll is severely wounded.
The gnoll hits you with a +0 spear!
* * * LOW HITPOINT WARNING * * *
The gnoll hits you with a +0 spear.
* * * LOW HITPOINT WARNING * * *
You hit the gnoll but do no damage.
The gnoll is severely wounded.
The gnoll hits you with a +0 spear.
You die...

*,,,,,,,,,,,
*****##***#**,**********
*********,,,,.>**..,,,,*
*,,,,,,,,,***#.**.#**<,*
*,******#,* #.**.# *,,* *****
*,* #.####.##.###..* *,,,, *,*
*#............,,* *,*** *,*
*?.....g...####.#****,* *,*
*,#.....@........,,,,,*
*,******,#.#.###.#####.*******
*,,,,,,,*,,,** #.# #.*
*******,**,** ##.# *.## *,**,*
#..# *..# *,**,* #.## *#.#
*,,,,* #)# #.# *******,****
#.# ##.######## *,,,,,,,* #.#
#...÷<.....


You could see a gnoll.

Vanquished Creatures
  3 gnolls (D:2)
  2 adders (D:2)
  A worm (D:2)
  A dart slug (D:1)
  A leopard gecko (D:2)
  6 bats
  2 hobgoblins
  5 jackals (D:2)
  2 frilled lizards
  3 goblins (D:1)
  6 kobolds
  7 rats
39 creatures vanquished.

Notes
Turn   | Place    | Note
-------+----------+-------------------------------------------
     0 | D:1      | Borgoz the Ghoul Gladiator began the quest for the Orb.
     0 | D:1      | Reached XP level 1. HP: 17/17 MP: 0/0
   249 | D:1      | Reached XP level 2. HP: 25/25 MP: 1/1
  1149 | D:2      | Reached skill level 1 in Armour
  1149 | D:2      | Reached XP level 3. HP: 23/30 MP: 2/2
  1630 | D:2      | Reached XP level 4. HP: 37/37 MP: 3/3
  1735 | D:2      | HP: 1/38 [gnoll/+0 spear (1)]
  1736 | D:2      | Slain by a gnoll

Illustrated notes

Levels and vault maps discovered:
D:1:      lightli_arrival_statuegarden, layout_loops_corners,
          minmay_tiny_reverse_x
D:2:      layout_loops_ring

Skill      XL: |  1  2  3  4 |
---------------+-------------+-----
Maces & Flails | 3 |  3.2
Armour         | 1 |  1.6
Dodging        | 3 |  3.3
Fighting       | 3 |  3.1
Throwing       | |  1.7

Action                   |  1- 3 |  4- 6 || total
-------------------------+-------+-------++-------
Melee: Flail             |   122 |    24 ||   146
Throw: Throwing net      |     1 |     2 ||     3
  Use: Scroll            |     4 |       ||     4
 Stab: Held in net/web   |       |     1 ||     1
Armor: Leather armour    |    51 |     3 ||    54
Dodge: Dodged            |   102 |    13 ||   115
